[Event "ICC tourney 2314 (120 10)"]
[Site "Internet Chess Club"]
[Date "2021.01.18"]
[Round "5"]
[White "gduranko"]
[Black "MikeWMason"]
[Result "0-1"]
[ICCResult "White resigns"]
[WhiteElo "1515"]
[BlackElo "1699"]
[Opening "Queen's pawn game"]
[ECO "D00"]
[NIC "QP.08"]
[Time "11:03:39"]
[PlyCount "38"]
[TimeControl "7200+10"]

1. d4 d5 2. e3 g6 3. c4 Bg7 4. cxd5 Nf6 5. Nc3 Nxd5 6. Qb3 Nb6 7. f4 O-O 8.
Nf3 Be6 9. Qc2 N8d7 10. Bd3 c5 11. Ne5 Rc8 12. Qf2 cxd4 13. exd4 Nxe5 14.
fxe5 Bxe5 15. Be3 Bg7 16. O-O Nd5 17. Ne2 Qb6 18. a3 Nxe3 19. Qxe3 Rfd8 {
White resigns } 0-1

[Event "ICC tourney 2314 (120 10)"]
[Site "Internet Chess Club"]
[Date "2021.01.18"]
[Round "5"]
[White "Vinny773175"]
[Black "JonesGill"]
[Result "1-0"]
[ICCResult "Black resigns"]
[WhiteElo "1696"]
[BlackElo "1277"]
[Opening "KP: Nimzovich defense"]
[ECO "B00"]
[NIC "VO.06"]
[Time "11:03:48"]
[PlyCount "103"]
[TimeControl "7200+10"]

1. e4 Nc6 2. d4 d5 3. e5 f6 4. Bd3 f5 5. Nf3 e6 6. c3 Nge7 7. Na3 h6 8. h4
g6 9. Bf4 Bg7 10. Rb1 a6 11. Nc2 b6 12. a4 Bd7 13. b3 Na5 14. O-O c5 15.
Ne3 Nec6 16. b4 cxd4 17. cxd4 Nb7 18. Nc2 Ne7 19. Na3 Kf7 20. b5 a5 21. Qd2
Rc8 22. Rfc1 Rxc1+ 23. Rxc1 Qb8 24. Nb1 Ke8 25. Nc3 Kd8 26. Kf1 Ke8 27. Nd1
Kd8 28. Kg1 Ke8 29. Rc2 Kd8 30. Qc1 Rh7 31. Ne3 Rh8 32. Nf1 Rh7 33. Ng3 Rh8
34. Qd2 Rh7 35. h5 Ke8 36. hxg6 Nxg6 37. Nh5 Nxf4 38. Qxf4 Bh8 39. Nh4 Qd8
40. Ng6 Qg5 41. Qxg5 hxg5 42. Nf6+ Bxf6 43. exf6 Nd8 44. Rc7 Rf7 45. Ne5
Rh7 46. f7+ Rxf7 47. Nxf7 Nxf7 48. Rb7 Kd8 49. Rxb6 Kc7 50. Ra6 Nd6 51. b6+
Kb7 52. Ra7+ { Black resigns } 1-0

[Event "ICC tourney 2314 (120 10)"]
[Site "Internet Chess Club"]
[Date "2021.01.18"]
[Round "5"]
[White "AchaTelugammayi"]
[Black "artistqueen"]
[Result "1-0"]
[ICCResult "Black checkmated"]
[WhiteElo "1500"]
[BlackElo "1260"]
[Opening "Catalan: closed, 6...Nbd7"]
[ECO "E07"]
[NIC "CA.04"]
[Time "11:03:46"]
[PlyCount "137"]
[TimeControl "7200+10"]

1. c4 e6 2. g3 Be7 3. Bg2 Nf6 4. d4 d5 5. Nf3 O-O 6. O-O Nbd7 7. Nc3 b6 8.
Bf4 Bb7 9. Ne5 Ne4 10. Nxe4 dxe4 11. Qc2 Nf6 12. Rfd1 c6 13. Bg5 h6 14.
Bxf6 Bxf6 15. Bxe4 Qc7 16. Ng4 Bg5 17. Bg2 h5 18. Ne5 Bf6 19. Nf3 Rad8 20.
e4 Be7 21. Rac1 Rfe8 22. Qe2 g6 23. d5 exd5 24. cxd5 c5 25. Qc4 Bf6 26. b4
Be7 27. e5 Qd7 28. d6 Bf8 29. bxc5 Rc8 30. Qd4 bxc5 31. Rxc5 Rxc5 32. Qxc5
Qa4 33. Rd2 Qe4 34. Qc2 Rxe5 35. Qxe4 Rxe4 36. d7 Be7 37. d8=Q+ Bxd8 38.
Rxd8+ Kg7 39. Rd7 Rb4 40. Nd2 Bxg2 41. Kxg2 Ra4 42. Nf3 Kf6 43. Rd2 Ra6 44.
Nd4 Ke7 45. Kf3 Rf6+ 46. Ke4 Rb6 47. Nb3 Rb5 48. Nd4 Rc5 49. Rc2 Rxc2 50.
Nxc2 Ke6 51. Nd4+ Kd7 52. Ke5 a6 53. Kf6 Ke8 54. Nc6 Kd7 55. Ne5+ Kc7 56.
Nxf7 Kb6 57. Kxg6 Kb5 58. Ne5 a5 59. f4 a4 60. f5 Kb4 61. f6 Ka3 62. f7
Kxa2 63. f8=Q a3 64. Qb4 h4 65. gxh4 Ka1 66. Nd3 Ka2 67. h5 Ka1 68. Qxa3+
Kb1 69. Qb2# { Black checkmated } 1-0

[Event "ICC tourney 2314 (120 10)"]
[Site "Internet Chess Club"]
[Date "2021.01.18"]
[Round "5"]
[White "LOCHAR"]
[Black "boochodu"]
[Result "1/2-1/2"]
[ICCResult "Game drawn by repetition"]
[WhiteElo "1417"]
[BlackElo "1500"]
[Opening "English opening"]
[ECO "A20"]
[NIC "EO.24"]
[Time "11:03:37"]
[PlyCount "103"]
[TimeControl "7200+10"]

1. c4 e5 2. g3 c6 3. Nc3 d5 4. cxd5 cxd5 5. d4 e4 6. Qb3 Nf6 7. Bg5 Nbd7 8.
Nh3 Qb6 9. Qxb6 Nxb6 10. Bxf6 gxf6 11. Nf4 Be6 12. Bh3 Kd7 13. e3 Rc8 14.
Bf1 a6 15. Be2 Bb4 16. O-O Bxc3 17. bxc3 Rxc3 18. Rfb1 Rc6 19. a4 Rb8 20.
a5 Nc4 21. Kg2 Kd6 22. Ra2 b5 23. axb6 Rcxb6 24. Rba1 Ra8 25. h4 h6 26. Nh5
Ke7 27. Nf4 Rd6 28. Rc1 Rc6 29. Rb1 Rc7 30. Rb4 Rd7 31. Nxe6 fxe6 32. Bxc4
dxc4 33. Rxc4 f5 34. Ra5 Rd5 35. Raa4 a5 36. Rc7+ Kf6 37. Rh7 Kg6 38. Rb7
Ra6 39. f3 exf3+ 40. Kxf3 e5 41. dxe5 Rxe5 42. g4 fxg4+ 43. Rxg4+ Kh5 44.
Ra4 Rf6+ 45. Ke2 Rfe6 46. Rb3 Ra6 47. Rb7 Rae6 48. Rb3 Ra6 49. Rb7 Rae6 50.
Rb3 Ra6 51. Rb7 Rae6 52. Rb3 { Game drawn by repetition } 1/2-1/2

[Event "ICC tourney 2314 (120 10)"]
[Site "Internet Chess Club"]
[Date "2021.01.18"]
[Round "5"]
[White "StevChess01"]
[Black "awakeprize"]
[Result "0-1"]
[ICCResult "White resigns"]
[WhiteElo "1632"]
[BlackElo "1470"]
[Opening "QGD: Orthodox defense"]
[ECO "D63"]
[NIC "SL.03"]
[Time "11:03:43"]
[PlyCount "102"]
[TimeControl "7200+10"]

1. d4 d5 2. c4 c6 3. Nf3 Nf6 4. Nc3 e6 5. Bg5 Be7 6. e3 O-O 7. Rc1 Nbd7 8.
h3 dxc4 9. Bxc4 Nb6 10. Bb3 h6 11. Bf4 Nbd5 12. Bh2 Nxc3 13. bxc3 c5 14.
O-O b6 15. Qe2 cxd4 16. cxd4 Bd6 17. Ne5 Bb7 18. Rfd1 Qe7 19. Bg3 Rac8 20.
Bh4 g5 21. Bg3 Ne4 22. Qh5 Nxg3 23. fxg3 Bxe5 24. dxe5 Kg7 25. Qe2 Rc5 26.
Qb2 Rd8 27. Rxd8 Rxc1+ 28. Qxc1 Qxd8 29. Qf1 Qd2 30. Qf6+ Kg8 31. Qf2 Qxf2+
32. Kxf2 Be4 33. g4 Kf8 34. a3 Ke7 35. Ba4 a6 36. Bd1 Kd7 37. Be2 b5 38.
Bf3 Bd5 39. Ke2 Kc6 40. Kd3 a5 41. Kc3 Kc5 42. Kb2 b4 43. axb4+ axb4 44.
Kc2 Bxf3 45. gxf3 Kc4 46. f4 b3+ 47. Kd2 b2 48. Kc2 b1=Q+ 49. Kxb1 Kd3 50.
h4 gxh4 51. f5 h3 { White resigns } 0-1

[Event "ICC tourney 2314 (120 10)"]
[Site "Internet Chess Club"]
[Date "2021.01.18"]
[Round "6"]
[White "AndreiM"]
[Black "ScorpianFire7"]
[Result "0-1"]
[ICCResult "White resigns"]
[WhiteElo "1523"]
[BlackElo "1501"]
[Opening "Giuoco Piano"]
[ECO "C50"]
[NIC "IG.02"]
[Time "16:17:29"]
[PlyCount "40"]
[TimeControl "7200+10"]

1. e4 e5 2. Nf3 Nc6 3. Bc4 Bc5 4. O-O d6 5. c3 Bg4 6. h3 Bh5 7. Bb5 Nf6 8.
d4 exd4 9. cxd4 Bxf3 10. gxf3 Bb4 11. a3 Ba5 12. b4 Bb6 13. d5 a6 14. Ba4
Qd7 15. dxc6 bxc6 16. Bb2 Qxh3 17. Bxc6+ Ke7 18. Bxf6+ gxf6 19. Bd7 Kxd7
20. Qxd6+ cxd6 { White resigns } 0-1

[Event "ICC tourney 2314 (120 10)"]
[Site "Internet Chess Club"]
[Date "2021.01.18"]
[Round "6"]
[White "DrBoler"]
[Black "APBrain"]
[Result "0-1"]
[ICCResult "White checkmated"]
[WhiteElo "1442"]
[BlackElo "1639"]
[Opening "Queen's pawn, Mason variation"]
[ECO "D00"]
[NIC "QP.08"]
[Time "16:17:21"]
[PlyCount "56"]
[TimeControl "7200+10"]

1. d4 d5 2. Bf4 Nf6 3. e3 e6 4. Nf3 c5 5. c3 Nc6 6. Nbd2 Be7 7. Bd3 O-O 8.
Ne5 Nxe5 9. dxe5 Nd7 10. Qf3 f6 11. Qh3 f5 12. Nf3 c4 13. Bc2 Kh8 14. g4
Nc5 15. gxf5 exf5 16. Rg1 Nd3+ 17. Bxd3 cxd3 18. O-O-O Be6 19. Rg6 Bf7 20.
Rg2 g6 21. Rdg1 d2+ 22. Kxd2 Qb6 23. Kc2 Qa6 24. a3 Rac8 25. Ng5 Qe2+ 26.
Kc1 Rxc3+ 27. bxc3 Bxa3+ 28. Kb1 Qb2# { White checkmated } 0-1

[Event "ICC tourney 2314 (120 10)"]
[Site "Internet Chess Club"]
[Date "2021.01.18"]
[Round "6"]
[White "RachanaB"]
[Black "ChessStar22"]
[Result "1/2-1/2"]
[ICCResult "Game drawn by repetition"]
[WhiteElo "1461"]
[BlackElo "1393"]
[Opening "Caro-Kann: exchange, Rubinstein variation"]
[ECO "B13"]
[NIC "CK.02"]
[Time "16:17:36"]
[PlyCount "52"]
[TimeControl "7200+10"]

1. e4 c6 2. d4 d5 3. exd5 cxd5 4. Bd3 Nc6 5. c3 Nf6 6. Bf4 a6 7. Nd2 Bg4 8.
f3 Bh5 9. g4 Bg6 10. Bxg6 hxg6 11. Qc2 e6 12. Ne2 Bd6 13. Be3 Qc7 14. O-O-O
Ke7 15. h3 Rac8 16. Kb1 b5 17. f4 a5 18. f5 a4 19. fxe6 Nb4 20. Qc1 Nd3 21.
Qc2 Nb4 22. Qc1 Nd3 23. Qc2 Nb4 24. Qc1 Nd3 25. Qc2 Nb4 26. Qc1 Nd3 { Game
drawn by repetition } 1/2-1/2

[Event "ICC tourney 2314 (120 10)"]
[Site "Internet Chess Club"]
[Date "2021.01.18"]
[Round "6"]
[White "yogokings12"]
[Black "StevChess01"]
[Result "0-1"]
[ICCResult "White resigns"]
[WhiteElo "1573"]
[BlackElo "1632"]
[Opening "Sicilian: O'Kelly variation"]
[ECO "B28"]
[NIC "SI.43"]
[Time "16:17:24"]
[PlyCount "104"]
[TimeControl "7200+10"]

1. e4 c5 2. Nf3 a6 3. c4 Nc6 4. Nc3 e5 5. d3 d6 6. Be3 Nd4 7. Bxd4 cxd4 8.
Nd5 Be6 9. Be2 Ne7 10. O-O f5 11. Ng5 Bg8 12. h4 Nxd5 13. cxd5 g6 14. Qb3
Qd7 15. Rac1 Be7 16. exf5 Bxg5 17. hxg5 gxf5 18. Bh5+ Bf7 19. Bxf7+ Kxf7
20. Qb6 Rhc8 21. f3 Ke7 22. Kf2 Qb5 23. Qxb5 axb5 24. a3 Kf7 25. Rh1 Kg6
26. Rxc8 Rxc8 27. Rh6+ Kxg5 28. Rxd6 Rc2+ 29. Kg3 Rd2 30. Rb6 Rxd3 31. d6
Kf6 32. Rxb5 Ke6 33. Rxe5+ Kxd6 34. Rxf5 Rb3 35. Kf4 Rxb2 36. g4 Re2 37.
Rb5 d3 38. Rb1 d2 39. Rd1 Kd5 40. Kg5 Kd4 41. f4 Kc3 42. f5 Rf2 43. Kf6 Kc2
44. Rxd2+ Kxd2 45. Ke6 Ke3 46. f6 Kf4 47. f7 Kxg4 48. Ke7 h5 49. f8=Q Rxf8
50. Kxf8 h4 51. Ke7 h3 52. Kd7 h2 { White resigns } 0-1

[Event "ICC tourney 2314 (120 10)"]
[Site "Internet Chess Club"]
[Date "2021.01.18"]
[Round "6"]
[White "fireheart"]
[Black "ZYCON"]
[Result "1-0"]
[ICCResult "Black checkmated"]
[WhiteElo "1613"]
[BlackElo "1385"]
[Opening "Sicilian: Canal-Sokolsky attack, 3...Bd7"]
[ECO "B52"]
[NIC "SI.01"]
[Time "16:17:32"]
[PlyCount "79"]
[TimeControl "7200+10"]

1. e4 c5 2. Nf3 d6 3. Bb5+ Bd7 4. Bxd7+ Nxd7 5. c4 Ngf6 6. Nc3 g6 7. d4
cxd4 8. Nxd4 Bg7 9. O-O O-O 10. Be3 Rc8 11. b3 Ng4 12. Qxg4 Ne5 13. Qe2 a6
14. Rac1 Qa5 15. Nd5 Rfe8 16. f4 Nc6 17. Rfd1 e6 18. Nc3 Nxd4 19. Bxd4 e5
20. fxe5 dxe5 21. Be3 Rc6 22. Rd5 Qc7 23. Qd2 Ree6 24. Rd8+ Bf8 25. Bh6 Qe7
26. Rxf8+ Qxf8 27. Bxf8 Kxf8 28. Qd8+ Kg7 29. Nd5 b5 30. Rf1 bxc4 31. Qd7
Kh6 32. Qxf7 cxb3 33. axb3 a5 34. Nf6 Rxf6 35. Rxf6 Rxf6 36. Qxf6 Kh5 37.
h3 Kh6 38. h4 a4 39. g4 axb3 40. Qf8# { Black checkmated } 1-0

[Event "ICC tourney 2314 (120 10)"]
[Site "Internet Chess Club"]
[Date "2021.01.18"]
[Round "6"]
[White "MasterIVGM20"]
[Black "Hari152"]
[Result "1-0"]
[ICCResult "Black checkmated"]
[WhiteElo "1184"]
[BlackElo "1180"]
[Opening "Pirc defense"]
[ECO "B07"]
[NIC "PU.07"]
[Time "16:17:19"]
[PlyCount "117"]
[TimeControl "7200+10"]

1. e4 d6 2. d4 Nf6 3. Nc3 g6 4. Bf4 Bg7 5. Nf3 O-O 6. Bc4 Bg4 7. O-O Nxe4
8. Nxe4 d5 9. Bd3 dxe4 10. Bxe4 Nc6 11. d5 Nd4 12. c3 Nxf3+ 13. Bxf3 Bxf3
14. Qxf3 e6 15. Rad1 e5 16. Be3 Qe7 17. Qe4 b6 18. f4 Qh4 19. Qc4 Rac8 20.
Qc6 Bh6 21. Qa4 Rcd8 22. Rf3 c6 23. Rh3 Qg4 24. Rxh6 Qxd1+ 25. Qxd1 Rxd5
26. Qg4 exf4 27. Qxf4 Re8 28. Rh3 Rd7 29. Bd4 f5 30. Re3 Rxe3 31. Qxe3 Kf7
32. Qh6 Kg8 33. Qg5 c5 34. Be5 c4 35. Qf6 Rd1+ 36. Kf2 Rd2+ 37. Kg3 Rd7 38.
Qh8+ Kf7 39. Qxh7+ Ke6 40. Qh8 Re7 41. Qf6+ Kd7 42. Qd6+ Ke8 43. Kf4 Kf7
44. Qf6+ Ke8 45. Qxg6+ Kd7 46. Qxf5+ Ke8 47. h4 a6 48. Qg6+ Kd7 49. h5 Re6
50. Qxe6+ Kxe6 51. h6 a5 52. h7 Ke7 53. h8=Q a4 54. Qf6+ Kd7 55. Qd6+ Ke8
56. Qe6+ Kf8 57. Bf6 a3 58. Qe7+ Kg8 59. Qg7# { Black checkmated } 1-0

[Event "ICC tourney 2314 (120 10)"]
[Site "Internet Chess Club"]
[Date "2021.01.18"]
[Round "6"]
[White "Elatedbook"]
[Black "PStricker"]
[Result "0-1"]
[ICCResult "White checkmated"]
[WhiteElo "1270"]
[BlackElo "1519"]
[Opening "French: Tarrasch, closed variation"]
[ECO "C05"]
[NIC "FR.16"]
[Time "16:17:21"]
[PlyCount "72"]
[TimeControl "7200+10"]

1. e4 e6 2. d4 d5 3. Nd2 Nf6 4. e5 Nfd7 5. Ngf3 c5 6. c3 Nc6 7. Be2 Qb6 8.
Nb3 cxd4 9. cxd4 a5 10. a4 Bb4+ 11. Kf1 f6 12. exf6 Nxf6 13. Be3 Ne4 14.
Rc1 O-O 15. Qc2 Bd7 16. Nc5 Nf6 17. Ng5 Bxc5 18. dxc5 Qd8 19. Bg4 Qe7 20.
Bf4 e5 21. Bxd7 Qxd7 22. Bg3 h6 23. Nf3 e4 24. Ne5 Nxe5 25. Bxe5 Ng4 26.
Bd6 Ne3+ 27. Ke2 Nxc2 28. Rxc2 Qg4+ 29. Ke3 Qxg2 30. Rd1 Rf3+ 31. Kd4 Rxf2
32. Rxf2 Qxf2+ 33. Kxd5 Qf5+ 34. Kc4 e3 35. Re1 Qc2+ 36. Kb5 Qb3# { White
checkmated } 0-1

[Event "ICC tourney 2314 (120 10)"]
[Site "Internet Chess Club"]
[Date "2021.01.18"]
[Round "6"]
[White "MikeWMason"]
[Black "JonesGill"]
[Result "1-0"]
[ICCResult "Black resigns"]
[WhiteElo "1699"]
[BlackElo "1277"]
[Opening "KP: Nimzovich defense"]
[ECO "B00"]
[NIC "VO.06"]
[Time "16:17:25"]
[PlyCount "53"]
[TimeControl "7200+10"]

1. e4 Nc6 2. d4 d5 3. exd5 Qxd5 4. Be3 e5 5. Nc3 Bb4 6. Qd2 exd4 7. Nxd5
Bxd2+ 8. Bxd2 Kd8 9. O-O-O Be6 10. Nf4 Bd7 11. Nf3 Nge7 12. Bc4 Rf8 13.
Rhe1 a6 14. a3 h6 15. h3 Nf5 16. Bd5 Nfe7 17. Bb3 Nf5 18. Nd3 Nd6 19. Nde5
Nxe5 20. Nxe5 c5 21. Ba5+ Kc8 22. Bb6 Bf5 23. Bxc5 Kc7 24. Rxd4 Rad8 25.
Bxd6+ Rxd6 26. Rxd6 Kxd6 27. Nxf7+ { Black resigns } 1-0

[Event "ICC tourney 2314 (120 10)"]
[Site "Internet Chess Club"]
[Date "2021.01.18"]
[Round "6"]
[White "thihansa"]
[Black "siddarth1"]
[Result "0-1"]
[ICCResult "White checkmated"]
[WhiteElo "1231"]
[BlackElo "1462"]
[Opening "Sicilian: closed"]
[ECO "B24"]
[NIC "SI.44"]
[Time "16:17:25"]
[PlyCount "128"]
[TimeControl "7200+10"]

1. e4 c5 2. Nc3 Nc6 3. g3 e6 4. Bg2 Nge7 5. d3 g6 6. Be3 b6 7. Qd2 Bb7 8.
Nge2 Bg7 9. O-O O-O 10. Bh6 d5 11. Bxg7 Kxg7 12. f4 dxe4 13. Nxe4 Nd4 14.
Kh1 Nef5 15. Nxd4 Qxd4 16. Qc3 Qxc3 17. Nxc3 Bxg2+ 18. Kxg2 Ne3+ 19. Kf2
Nxf1 20. Kxf1 Rfe8 21. Re1 a6 22. Ne4 Red8 23. Ng5 Rac8 24. Kf2 h6 25. Nf3
c4 26. d4 b5 27. c3 a5 28. a3 Rb8 29. Ne5 Rdc8 30. Nd7 Rb7 31. Nc5 Rbc7 32.
Ne4 Rb8 33. Nc5 Ra7 34. Ra1 b4 35. axb4 Rba8 36. b5 Rb8 37. Ke3 Rxb5 38.
Ra2 Kf6 39. Ne4+ Kg7 40. Nc5 g5 41. fxg5 hxg5 42. Ne4 Ra6 43. Nc5 Rab6 44.
Na4 Rb8 45. g4 f5 46. h3 f4+ 47. Kf3 e5 48. Ra1 exd4 49. cxd4 Rb3+ 50. Nc3
Rxb2 51. Ra3 R2b3 52. Ra2 Rxc3+ 53. Kg2 f3+ 54. Kf2 Rd3 55. Rc2 Rxd4 56.
Kxf3 Rb3+ 57. Kg2 a4 58. Ra2 a3 59. Kh2 Rb2+ 60. Rxb2 axb2 61. Kg2 b1=Q 62.
h4 Qb3 63. hxg5 Rd2+ 64. Kf1 Qd1# { White checkmated } 0-1

[Event "ICC tourney 2314 (120 10)"]
[Site "Internet Chess Club"]
[Date "2021.01.18"]
[Round "6"]
[White "muzikmixer"]
[Black "akshajp"]
[Result "1-0"]
[ICCResult "Black checkmated"]
[WhiteElo "1633"]
[BlackElo "1389"]
[Opening "Queen's pawn game"]
[ECO "A45"]
[NIC "QP.07"]
[Time "16:17:24"]
[PlyCount "99"]
[TimeControl "7200+10"]

1. d4 Nf6 2. Nc3 g6 3. Qd3 Bg7 4. Bg5 d5 5. O-O-O Nc6 6. Bxf6 Bxf6 7. e3
Bf5 8. Qb5 Qd7 9. Qxd5 Qxd5 10. Nxd5 O-O-O 11. Nxf6 exf6 12. Bd3 Bxd3 13.
Rxd3 Rd5 14. Nf3 Ra5 15. a3 Nb4 16. Rb3 Nc6 17. Rd1 Rd5 18. c4 Rd7 19. d5
Ne5 20. Nxe5 fxe5 21. c5 Rhd8 22. e4 b6 23. c6 Rd6 24. g4 Rf6 25. f3 g5 26.
h4 gxh4 27. Rg1 Rg8 28. Rh1 Rh6 29. Rh3 f6 30. Re3 Kd8 31. Kc2 Ke7 32. Kc3
a6 33. Kd3 Kf7 34. Re1 Kg6 35. Reh1 Kg5 36. Kc4 Rd8 37. Rc1 Kf4 38. Rc3 Rb8
39. d6 f5 40. dxc7 Rxc6+ 41. Kd5 Rxc3 42. cxb8=Q Rxf3 43. Qxe5+ Ke3 44.
Qc3+ Kf2 45. Qxf3+ Ke1 46. Rh1+ Kd2 47. Rd1+ Kc2 48. Qd3+ Kxb2 49. Rb1+ Ka2
50. Qb3# { Black checkmated } 1-0

[Event "ICC tourney 2314 (120 10)"]
[Site "Internet Chess Club"]
[Date "2021.01.18"]
[Round "6"]
[White "Il123"]
[Black "Cbf577"]
[Result "0-1"]
[ICCResult "White checkmated"]
[WhiteElo "1461"]
[BlackElo "1363"]
[Opening "Sicilian: Nimzovich-Rossolimo attack (without ...d6)"]
[ECO "B30"]
[NIC "SI.31"]
[Time "16:17:26"]
[PlyCount "144"]
[TimeControl "7200+10"]

1. e4 c5 2. Nf3 Nc6 3. Bb5 d6 4. Bxc6+ bxc6 5. h3 Nf6 6. Nc3 e6 7. O-O Be7
8. d4 cxd4 9. Nxd4 Bd7 10. Bf4 e5 11. Nf5 Bxf5 12. exf5 exf4 13. Qf3 d5 14.
Qxf4 O-O 15. a3 Bd6 16. Qd4 c5 17. Qd3 Be5 18. Rad1 Bxc3 19. Qxc3 Qb6 20.
b3 Rfe8 21. Qf3 Qa5 22. a4 Qb4 23. Kh2 Ne4 24. Qd3 Nc3 25. Rde1 Qd4 26.
Qxd4 cxd4 27. g3 Kf8 28. Kg2 Rxe1 29. Rxe1 Re8 30. Rc1 Re2 31. Kf3 Re4 32.
g4 Ke7 33. Kg2 Kd6 34. Kf1 Kc5 35. Re1 Rxe1+ 36. Kxe1 Ne4 37. Ke2 Ng5 38.
h4 Ne4 39. f3 Nc3+ 40. Kd3 Na2 41. h5 Nb4+ 42. Kd2 Kd6 43. f4 f6 44. c3
dxc3+ 45. Kxc3 Kc5 46. Kd2 d4 47. Ke2 Kd5 48. Kf3 d3 49. Ke3 d2 50. Kxd2
Ke4 51. h6 gxh6 52. g5 hxg5 53. fxg5 Kxf5 54. gxf6 Kxf6 55. Ke2 Kg5 56. Kf3
h5 57. Kg3 h4+ 58. Kh3 Kh5 59. Kh2 Kg4 60. Kg2 Nc6 61. Kh2 a5 62. Kg2 h3+
63. Kh2 Kh4 64. Kh1 Kg4 65. Kh2 Kh4 66. Kh1 Kg3 67. Kg1 h2+ 68. Kh1 Ne5 69.
b4 axb4 70. a5 b3 71. a6 b2 72. a7 b1=Q# { White checkmated } 0-1

[Event "ICC tourney 2314 (120 10)"]
[Site "Internet Chess Club"]
[Date "2021.01.18"]
[Round "6"]
[White "eroedel"]
[Black "Knightboy123"]
[Result "1/2-1/2"]
[ICCResult "Game drawn by mutual agreement"]
[WhiteElo "1480"]
[BlackElo "1661"]
[Opening "Sicilian: Najdorf, Opocensky variation"]
[ECO "B92"]
[NIC "SI.10"]
[Time "16:17:21"]
[PlyCount "52"]
[TimeControl "7200+10"]

1. e4 c5 2. Nf3 d6 3. d4 cxd4 4. Nxd4 Nf6 5. Nc3 a6 6. Be2 e5 7. Nb3 Be6 8.
O-O Be7 9. Kh1 Nbd7 10. f4 Qc7 11. a4 O-O 12. f5 Bc4 13. Nd2 Bxe2 14. Qxe2
Nb6 15. a5 Nbd7 16. Rd1 Nc5 17. Nf1 Rad8 18. b4 Nb3 19. cxb3 Qxc3 20. Bd2
Qxb3 21. Rab1 Qc2 22. Rdc1 Qxe4 23. Qxe4 Nxe4 24. Rc7 Nxd2 25. Nxd2 Rfe8
26. Rxb7 Bg5 { Game drawn by mutual agreement } 1/2-1/2

[Event "ICC tourney 2314 (120 10)"]
[Site "Internet Chess Club"]
[Date "2021.01.18"]
[Round "6"]
[White "GPWKnight"]
[Black "boochodu"]
[Result "0-1"]
[ICCResult "White resigns"]
[WhiteElo "1471"]
[BlackElo "1500"]
[Opening "Ruy Lopez: exchange variation, 5.O-O"]
[ECO "C68"]
[NIC "RL.08"]
[Time "16:17:23"]
[PlyCount "47"]
[TimeControl "7200+10"]

1. e4 e5 2. Nf3 Nc6 3. Bb5 a6 4. Bxc6 dxc6 5. O-O Bd6 6. d4 exd4 7. Qxd4 f6
8. h3 Be6 9. Re1 Ne7 10. c4 c5 11. Qc3 Nc6 12. Na3 O-O 13. Be3 Qe7 14. Nc2
Qe8 15. Rad1 Qg6 16. Kh1 Qh5 17. Bc1 Rad8 18. Ng1 Be5 19. Qf3 Qxf3 20. Nxf3
Bxc4 21. b3 Be6 22. Ne3 Nb4 23. Nxe5 fxe5 24. Ba3 { White resigns } 0-1

[Event "ICC tourney 2314 (120 10)"]
[Site "Internet Chess Club"]
[Date "2021.01.18"]
[Round "6"]
[White "atchess11"]
[Black "solveur"]
[Result "1/2-1/2"]
[ICCResult "Game drawn by mutual agreement"]
[WhiteElo "1398"]
[BlackElo "1435"]
[Opening "Giuoco Pianissimo: Italian four knights variation"]
[ECO "C50"]
[NIC "IG.02"]
[Time "16:18:14"]
[PlyCount "119"]
[TimeControl "7200+10"]

1. e4 e5 2. Nf3 Nc6 3. Bc4 Bc5 4. Nc3 Nf6 5. d3 d6 6. h3 Be6 7. Bb3 h6 8.
O-O O-O 9. Be3 Bb6 10. Qd2 Nd7 11. Bxb6 axb6 12. d4 Bxb3 13. axb3 f5 14.
exf5 Rxf5 15. dxe5 Ndxe5 16. Nxe5 Rxe5 17. Rfe1 Rxe1+ 18. Rxe1 Ra5 19. Re4
Ra1+ 20. Re1 Rxe1+ 21. Qxe1 Qe7 22. Qxe7 Nxe7 23. Nb5 Nf5 24. Nxc7 Nd4 25.
Ne8 Nxc2 26. Nxd6 Nd4 27. Nxb7 Nxb3 28. Nd6 Nd4 29. Kf1 Kf8 30. Ke1 Ke7 31.
Ne4 Ke6 32. Kd2 Ke5 33. Kd3 Nc6 34. Nd2 b5 35. Nf3+ Kd5 36. b3 g5 37. g3
Nb4+ 38. Kc3 Nc6 39. Kd3 Nb4+ 40. Kc3 Nc6 41. Nd2 Ne5 42. Kb4 Kc6 43. Kc3
Kd5 44. Kb4 Kc6 45. Kc3 Kd5 46. f4 gxf4 47. gxf4 b4+ 48. Kxb4 Nd3+ 49. Ka5
Nxf4 50. b4 Nxh3 51. b5 Ng5 52. b6 Nf7 53. b7 Nd8 54. Kb6 Nxb7 55. Kxb7 h5
56. Nf3 Ke4 57. Ng5+ Kf4 58. Nh3+ Kg3 59. Ng1 h4 60. Kc6 { Game drawn by
mutual agreement } 1/2-1/2

[Event "ICC tourney 2314 (120 10)"]
[Site "Internet Chess Club"]
[Date "2021.01.18"]
[Round "6"]
[White "pusheen2019"]
[Black "IveDoneEnough"]
[Result "0-1"]
[ICCResult "White checkmated"]
[WhiteElo "1499"]
[BlackElo "1645"]
[Opening "Sicilian: Alapin's variation (2.c3)"]
[ECO "B22"]
[NIC "SI.47"]
[Time "16:17:25"]
[PlyCount "108"]
[TimeControl "7200+10"]

1. e4 c5 2. c3 Nf6 3. e5 Nd5 4. d4 cxd4 5. cxd4 d6 6. Nf3 Nc6 7. Bc4 Nb6 8.
Bb5 a6 9. Bxc6+ bxc6 10. O-O Bg4 11. Bf4 Nd5 12. Bg3 Qb6 13. Qc2 Bxf3 14.
gxf3 dxe5 15. dxe5 e6 16. Nd2 Be7 17. Rac1 O-O 18. a3 Bg5 19. Nc4 Qa7 20.
Rce1 f5 21. exf6 Rxf6 22. Re5 Bf4 23. Bxf4 Nxf4 24. Ne3 Qd4 25. Qxc6 Raf8
26. Re4 Qxb2 27. Qxa6 Nh3+ 28. Kg2 Rxf3 29. Qxe6+ Kh8 30. Nd1 Qd2 31. Qg4
Nxf2 32. Qxf3 Nxe4+ 33. Rf2 Rxf3 34. Rxd2 Nxd2 35. a4 Ra3 36. a5 Rxa5 37.
h4 h6 38. Nf2 Kh7 39. Nh1 Kg6 40. Ng3 Ra3 41. h5+ Kg5 42. Ne2 Kxh5 43. Nf4+
Kg4 44. Ne2 Ne4 45. Kf1 Ra1+ 46. Kg2 Ra2 47. Kf1 Rxe2 48. Kxe2 h5 49. Kf1
h4 50. Kg2 h3+ 51. Kh2 Kh4 52. Kh1 Kg3 53. Kg1 h2+ 54. Kh1 Nf2# { White
checkmated } 0-1

[Event "ICC tourney 2314 (120 10)"]
[Site "Internet Chess Club"]
[Date "2021.01.18"]
[Round "6"]
[White "jackl514"]
[Black "Yakshwag"]
[Result "1/2-1/2"]
[ICCResult "Game drawn by mutual agreement"]
[WhiteElo "1606"]
[BlackElo "1364"]
[Opening "Sicilian: Pelikan (Lasker/Sveshnikov) variation"]
[ECO "B33"]
[NIC "SI.36"]
[Time "16:17:28"]
[PlyCount "97"]
[TimeControl "7200+10"]

1. e4 c5 2. Nf3 Nc6 3. d4 cxd4 4. Nxd4 Nf6 5. Nc3 e5 6. Ndb5 d6 7. Bg5 a6
8. Na3 Be7 9. Bxf6 Bxf6 10. Nc4 Be7 11. Nd5 Na5 12. Ncb6 Rb8 13. c3 O-O 14.
Qa4 Nc6 15. O-O-O Be6 16. Kb1 f5 17. f3 Na7 18. Bc4 Kh8 19. Qb4 Nc6 20. Qa4
Bxd5 21. Nxd5 b5 22. Qxa6 bxc4 23. Qxc6 fxe4 24. fxe4 Rf2 25. Nb4 Qa5 26.
Qxc4 Qa4 27. Rdf1 Rxg2 28. Qc7 Qe8 29. Qa7 Bh4 30. Rf7 Bf6 31. Qd7 Qg8 32.
a3 h6 33. Qc7 Rc8 34. Qb7 Rb8 35. Qd5 Qh7 36. Rd7 Re2 37. Rxd6 Rxe4 38. Qd3
Be7 39. Rd7 Bf6 40. Ka1 Rf4 41. Qxh7+ Kxh7 42. Nd5 Rf5 43. Nxf6+ Rxf6 44.
Re7 Rf2 45. b4 Ra8 46. Rg1 Rxa3+ 47. Kb1 Rb3+ 48. Ka1 Ra3+ 49. Kb1 { Game
drawn by mutual agreement } 1/2-1/2

[Event "ICC tourney 2314 (120 10)"]
[Site "Internet Chess Club"]
[Date "2021.01.18"]
[Round "6"]
[White "gduranko"]
[Black "joeandjoe28"]
[Result "1/2-1/2"]
[ICCResult "Game drawn by mutual agreement"]
[WhiteElo "1515"]
[BlackElo "1416"]
[Opening "Giuoco Piano"]
[ECO "C50"]
[NIC "IG.02"]
[Time "16:17:56"]
[PlyCount "57"]
[TimeControl "7200+10"]

1. e4 e5 2. Nf3 Nc6 3. Bc4 Bc5 4. O-O Nf6 5. c3 O-O 6. Re1 d6 7. d4 Bb6 8.
Bg5 Bg4 9. d5 Na5 10. Nbd2 c6 11. dxc6 Nxc6 12. Bd5 h6 13. Bxc6 bxc6 14.
Bh4 Re8 15. Qa4 Rc8 16. Nc4 Bxf3 17. gxf3 g5 18. Bg3 Qc7 19. Rad1 Rcd8 20.
Ne3 Nh5 21. Kg2 Bxe3 22. fxe3 Rb8 23. Re2 Rb6 24. Red2 Nxg3 25. hxg3 Rd8
26. Qa3 c5 27. c4 Rdb8 28. b3 Rd8 29. Rh1 { Game drawn by mutual agreement
} 1/2-1/2